 Dungeon Crawl Stone Soup version 0.26.1-11-gd32895ea62 (webtiles) character file.

Game seed: 2286317333144626196

1059 nothank2 the Basher (level 8, -1/52 HPs)
             Began as a Gargoyle Fighter on July 11, 2021.
             Was an Initiate of Makhleb.
             Slain by an orc warrior
             ... wielding a +0 dire flail
              (8 damage)
             ... on level 7 of the Dungeon.
             The game lasted 00:17:27 (5729 turns).

nothank2 the Basher (Gargoyle Fighter)              Turns: 5729, Time: 00:17:28

Health: -1/52      AC: 14    Str: 21    XL:     8   Next: 27%
Magic:  8/8        EV:  7    Int: 10    God:    Makhleb [......]
Gold:   106        SH:  9    Dex:  9    Spells: 7/7 levels left

rFire    . . .     SeeInvis .   a - +0 flail
rCold    + . .     Faith    .   c - +0 kite shield
rNeg     + . .     Spirit   .   b - +0 scale mail
rPois    ∞         Reflect  .   h - +0 helmet
rElec    +         Harm     .   (no cloak)
rCorr    .         Rampage  .   s - +0 pair of gloves
Will     +....                  (no boots)
Stlth    ..........             (no amulet)
HPRegen  0.17/turn              q - ring of willpower
MPRegen  0.11/turn              j - ring of protection from cold

@: mighty, about to teleport, studying Short Blades
A: negative energy resistance 1, electricity resistance, unbreathing,
petrification resistance, miasma immunity, AC +5
a: Renounce Religion


You were on level 7 of the Dungeon.
You worshipped Makhleb.
Makhleb was noncommittal.
You visited 1 branch of the dungeon, and saw 7 of its levels.

You collected 348 gold pieces.
You spent 242 gold pieces at shops.

Inventory:

Hand Weapons
 a - a +0 flail (weapon)
Missiles
 m - 40 poisoned darts (quivered)
Armour
 b - a +0 scale mail (worn)
 c - a +0 kite shield (worn)
 h - a +0 helmet (worn)
 s - a +0 pair of gloves (worn)
Jewellery
 j - a ring of protection from cold (right hand)
 l - an uncursed ring of resist corrosion
 q - a ring of willpower (left hand)
Wands
 y - a wand of enslavement (11)
 z - a wand of digging (8)
 B - a wand of random effects (20)
 E - a wand of flame (15)
Scrolls
 e - 5 scrolls of teleportation
 i - 5 scrolls of remove curse
 k - a scroll of enchant weapon {unknown}
 n - a scroll of fog {unknown}
 p - a scroll of immolation {unknown}
 u - 2 scrolls of noise {unknown}
 v - a scroll of fear {unknown}
 A - 2 scrolls of identify
 F - a scroll of amnesia {unknown}
 H - a scroll of brand weapon
 I - a scroll of magic mapping {unknown}
Potions
 f - 2 potions of curing
 g - 3 potions of flight
 o - 2 potions of resistance {unknown}
 r - 2 potions of lignification {unknown}
 t - a potion of magic {unknown}
 w - 3 potions of berserk rage {unknown}
 x - 2 potions of haste {unknown}
 C - a potion of invisibility {unknown}
 D - a potion of ambrosia {unknown}
 G - a potion of mutation {unknown}
Books
 J - a manual of Short Blades


   Skills:
 + Level 6.7 Fighting
 * Level 8.0 Maces & Flails
 - Level 3.2 Armour
 - Level 3.2 Shields


You had 7 spell levels left.
You didn't know any spells.
Your spell library was empty.

Dungeon Overview and Level Annotations

Branches:
Dungeon (7/15)             Temple (0/1) D:4

Altars:
Kikubaaqudgha
Makhleb
Nemelex Xobeh
Uskayaw
Xom
Yredelemnul
Zin

Shops:
D:4 *   D:6 ?


Innate Abilities, Weirdness & Mutations

You are resistant to torment.
Your stone body is resilient. (AC +5)
You are immune to poison.
You resist negative energy. (rN+)
You are resistant to electric shocks. (rElec)
You can survive without breathing.
You are immune to petrification.
You are immune to miasma.


Message History

The orc wizard gestures wildly while chanting.
The orc wizard seems to speed up.
You block the orc warrior's attack.
You feel very mighty all of a sudden.
The orc warrior hits you but does no damage.
You hit the orc warrior.
The orc warrior is heavily wounded.
You barely miss the orc warrior.
The orc warrior is heavily wounded.
The orc warrior hits you but does no damage.
You closely miss the orc warrior.
The orc warrior is heavily wounded.
The orc warrior hits you with a +0 dire flail!
* * * LOW HITPOINT WARNING * * *
You feel better.
The orc warrior hits you with a +0 dire flail!
* * * LOW HITPOINT WARNING * * *
As you read the scroll of teleportation, it crumbles to dust.
You feel strangely unstable.
The orc warrior hits you with a +0 dire flail!
You die...

### #.######## #####
#####.........
##≈≈≈###≈≈≈#.########
#.≈#≈≈#≈≈#≈#.# #
###.≈##≈≈≈##≈..# ### #
#...≈≈##'##≈≈@###...###
####...#≈≈#.#≈≈##oo......#
.......#≈##)##≈ #o#.......
.......#≈#.≈.#≈ #o#.......
.....≈≈≈≈##.##≈ ≈≈##......
.....≈#≈≈#.≈.#≈≈#≈. ......
.....≈##≈##.##≈##≈. ...#.#
.....≈≈###...## ≈≈# ..# #
#.#...≈≈#.#.#.# ≈.# ..#


You could see an orc warrior, 2 orc wizards and an orc.

Vanquished Creatures
  3 ogres
  3 bullfrogs
  A scorpion (D:5)
  A killer bee (D:7)
  A centaur zombie (D:5)
  A quasit (D:7)
  A bullfrog skeleton (D:6)
  A hound (D:7)
  A jelly (D:7)
  An orc priest (D:6)
  2 orc wizards
  An iguana (D:7)
  5 worker ants
  5 adders
  A shadow imp (D:5)
  A white imp (D:6)
  2 ufetubi (D:6)
  4 worms
  2 dart slugs
  2 leopard geckos
  13 orcs
  3 giant cockroaches
  6 goblins
  4 hobgoblins (D:1)
  6 kobolds
  2 quokkas
  6 bats
  8 frilled lizards
  A quokka skeleton (D:5)
  3 rats (D:1)
91 creatures vanquished.

Vanquished Creatures (others)
  A plant (D:2)
1 creature vanquished.

Grand Total: 92 creatures vanquished

Notes
Turn   | Place    | Note
-------+----------+-------------------------------------------
     0 | D:1      | nothank2 the Gargoyle Fighter began the quest for the Orb.
     0 | D:1      | Reached XP level 1. HP: 14/14 MP: 1/1
   154 | D:1      | Reached XP level 2. HP: 16/19 MP: 2/2
   709 | D:2      | Reached skill level 3 in Maces & Flails
   756 | D:2      | Found a burning altar of Makhleb.
   774 | D:2      | Became a worshipper of Makhleb the Destroyer
   800 | D:2      | Reached XP level 3. HP: 24/24 MP: 3/3
  1071 | D:2      | Found a faded altar of an unknown god.
  1562 | D:3      | Reached XP level 4. HP: 29/29 MP: 4/4
  2382 | D:4      | Noticed an ogre
  2383 | D:4      | Noticed an ogre
  2389 | D:4      | Killed an ogre
  2390 | D:4      | Reached skill level 4 in Maces & Flails
  2390 | D:4      | Reached XP level 5. HP: 32/34 MP: 5/5
  2393 | D:4      | Killed an ogre
  2394 | D:4      | Reached skill level 5 in Maces & Flails
  2394 | D:4      | Reached XP level 6. HP: 38/40 MP: 6/6
  2425 | D:4      | Found a staircase to the Ecumenical Temple.
  2474 | D:4      | Found Begarghas's Lightly-Used Armoury.
  2664 | D:4      | Reached skill level 5 in Fighting
  2725 | D:4      | Found a hide-covered altar of Uskayaw.
  3024 | D:5      | Entered Level 5 of the Dungeon
  3385 | D:5      | Found a glowing silver altar of Zin.
  3867 | D:5      | Reached skill level 6 in Maces & Flails
  3867 | D:5      | Reached XP level 7. HP: 35/44 MP: 7/7
  4137 | D:6      | Found a basalt altar of Yredelemnul.
  4137 | D:6      | Found a sparkling altar of Nemelex Xobeh.
  4449 | D:6      | Found an ancient bone altar of Kikubaaqudgha.
  4540 | D:6      | Found a shimmering altar of Xom.
  4540 | D:6      | Found a shimmering altar of Xom.
  4541 | D:6      | Found a shimmering altar of Xom.
  4542 | D:6      | Found a shimmering altar of Xom.
  4670 | D:6      | Found Xelats Zilo's Magic Scroll Boutique.
  4681 | D:6      | Bought a scroll of identify for 22 gold pieces
  4681 | D:6      | Bought a scroll of brand weapon for 220 gold pieces
  4763 | D:6      | Reached skill level 7 in Maces & Flails
  5196 | D:7      | Reached XP level 8. HP: 52/52 MP: 8/8
  5675 | D:7      | Reached skill level 8 in Maces & Flails
  5729 | D:7      | Slain by an orc warrior

Illustrated notes

Levels and vault maps discovered:
D:1:      tarquinn_simple_flora_water_a, layout_loops_ring
D:2:      layout_basic, chequers_ecumenical_altar_lobes, lemuel_tele_altar
D:3:      layout_basic
D:4:      layout_rooms, lemuel_doored_altar, minmay_temple_entry_large_hall,
          minmay_shop_damaged, serial_bayou_pond_d, mrwooster_statue_mirror,
          hangedman_glass_teeth, minmay_circle_x
D:5:      layout_gridville, zin_academy
D:6:      layout_basic, kennysheep_little_box, minitemple, serial_shops,
          nicolae_shop_stone, xom_redecorated
D:7:      layout_basic, minmay_manual_mullet

Skill      XL: |  1  2  3  4  5  6  7  8 |
---------------+-------------------------+-----
Maces & Flails | 3 4 5 6 7 8 |  8.0
Fighting       | 4 5 6 |  6.7
Armour         | |  3.2
Shields        | |  3.2

Action                   |  1- 3 |  4- 6 |  7- 9 || total
-------------------------+-------+-------+-------++-------
Melee: Flail             |   128 |   160 |   156 ||   444
Throw: Dart              |       |       |     6 ||     6
  Use: Potion            |       |     1 |     2 ||     3
       Scroll            |       |     4 |     1 ||     5
Armor: Scale mail        |    72 |    71 |    96 ||   239
Dodge: Dodged            |    35 |    48 |    47 ||   130
Block: Kite shield       |    62 |    74 |    75 ||   211
